[Event "Early Titled Tuesday Blitz | February 8 2022"]
[White "Abdusattorov, Nodirbek"]
[Black "Izoria, Zviad"]
[WhiteFideId "14204118"]
[BlackFideId "13601733"]
[WhiteElo "2663"]
[BlackElo "2626"]
[Result "1/2-1/2"]
[Round "03"]
[TimeControl "180+1"]
[Date "2022.02.08"]
[WhiteClock "0:00:10"]
[BlackClock "0:00:13"]

1. e4 c6 2. d4 d5 3. exd5 cxd5 4. Bd3 Nc6 5. c3 Qc7 6. h3 e6 7. Nf3 Bd6 8. O-O Nge7 9. Re1 Bd7 10. Nbd2 f6 11. c4 O-O 12. a3 a5 13. Nb1 dxc4 14. Bxc4 Nd5 15. Nc3 Nce7 16. Qb3 a4 17. Qa2 Rac8 18. Nxd5 Nxd5 19. Bxd5 exd5 20. Qxd5+ Kh8 21. Bd2 Bc6 22. Qf5 Qf7 23. Rac1 Rcd8 24. Bc3 Bd5 25. Nd2 g6 26. Qd3 Bf4 27. Re2 Bxd2 28. Qxd2 Rfe8 29. Rce1 Kg7 30. Bb4 Rxe2 31. Qxe2 Rd7 32. Qe3 Bc6 33. f3 Qd5 34. Bc5 Qf7 35. Qf4 g5 36. Qb8 h6 37. Re8 Qd5 38. Rh8 Kg6 39. Qf8 Rg7 40. Qb8 Qf7 41. Qg3 Rh7 42. Rd8 Rg7 43. Rd6 Qc4 44. Qe5 Rf7 45. Kh2 Qc1 46. Bb6 Qf4+ 47. Qxf4 gxf4 48. Bd8 Rd7 49. Rxf6+ Kg7 50. Rxf4 Rxd8 51. g4 Rd5 52. Kg3 Rb5 53. d5 Bxd5 54. Rd4 Bc6 55. Rd2 Rb3 56. Rf2 Kf6 57. Kf4 Kg6 58. h4 Kf6 59. h5 Rd3 60. Kg3 Kg5 61. Rf1 Rb3 62. Rf2 b5 63. Re2 Rxf3+ 64. Kh2 Kxg4 65. Re6 Rf2+ 66. Kg1 Rg2+ 67. Kf1 Bf3 68. Rg6+ Kh3 69. Rxh6 Rxb2 70. Rh8 Be2+ 71. Ke1 Bd3 72. h6 Rb1+ 73. Kd2 Rh1 74. Kxd3 Kg4 75. Kc3 Kg5 76. Kb4 Rh3 77. h7 Kg6 78. Rg8+ Kxh7 79. Rg5 Rb3+ 80. Ka5 Rxa3 81. Rxb5 Ra1 82. Kb4 a3 83. Ra5 a2 84. Kb3 Rb1+ 85. Kxa2 Rb7 86. Ka3 Rg7 87. Ka4 Kg8 88. Rb5 Kh7 89. Ka5 Kh8 90. Ka6 Kh7 91. Rb7 Kh8 92. Rxg7 Kxg7 1/2-1/2


[Site "https://www.chess.com"]

[Event "Early Titled Tuesday Blitz | February 8 2022"]
[White "Aditya Mittal"]
[Black "Chernomordik, Pavel"]
[WhiteFideId "35042025"]
[BlackFideId "2804530"]
[WhiteElo "2287"]
[BlackElo "2249"]
[Result "0-1"]
[Round "03"]
[TimeControl "180+1"]
[Date "2022.02.08"]
[WhiteClock "0:00:01"]
[BlackClock "0:00:17"]

1. d4 g6 2. c4 Bg7 3. e4 Nc6 4. Nf3 d6 5. d5 Ne5 6. Nxe5 Bxe5 7. Nc3 c6 8. Bd3 Nf6 9. O-O O-O 10. h3 Nd7 11. Bh6 Bg7 12. Bxg7 Kxg7 13. f4 Qb6+ 14. Rf2 e6 15. dxe6 fxe6 16. Qd2 Qd4 17. Ne2 Qf6 18. Bc2 Qxb2 19. Rd1 Nf6 20. Nd4 e5 21. Nb3 d5 22. cxd5 cxd5 23. Qb4 a5 24. Qd6 Ne8 25. Qxd5 exf4 26. e5 Qc3 27. Nd4 Ra6 28. Nb5 Qc6 29. Qd3 Bf5 30. Qb3 a4 31. Qb1 Rb6 32. Bxf5 Rxb5 33. Qd3 Rxf5 34. Rc2 Rc5 35. Rxc5 Qxc5+ 36. Kh2 Qxe5 37. Qd7+ Rf7 38. Qxa4 f3+ 39. g3 Qe2+ 40. Kh1 Qg2# 0-1


[Site "https://www.chess.com"]

[Event "Early Titled Tuesday Blitz | February 8 2022"]
[White "Agasarov, Benik"]
[Black "Jaivardhan Raj"]
[WhiteFideId "13314823"]
[BlackFideId "25744437"]
[WhiteElo "2584"]
[BlackElo "1375"]
[Result "1-0"]
[Round "03"]
[TimeControl "180+1"]
[Date "2022.02.08"]
[WhiteClock "0:01:38"]
[BlackClock "0:01:07"]

1. e4 c5 2. Nf3 e6 3. d4 cxd4 4. Nxd4 Nc6 5. Nc3 a6 6. Be3 Qc7 7. Be2 Nf6 8. O-O Bb4 9. Na4 Nxe4 10. c4 O-O 11. c5 Nxc5 12. Nxc5 Bxc5 13. Nxc6 Qxc6 14. Rc1 d6 15. b4 Rd8 16. bxc5 d5 17. Qd4 Qe8 18. f4 Bd7 19. Rf3 f6 20. Rg3 Qf7 21. Bd3 Bc6 22. Rh3 h6 23. Rf1 Re8 24. Rg3 Kh8 25. Bg6 Qe7 26. Bxe8 e5 27. fxe5 fxe5 28. Qxe5 Rxe8 29. Qxe7 Rxe7 30. Bd4 Kh7 31. Re3 Rd7 32. Rf8 Bb5 33. h4 a5 34. h5 Ba6 35. Ree8 g5 36. Rh8# 1-0


[Site "https://www.chess.com"]

[Event "Early Titled Tuesday Blitz | February 8 2022"]
[White "Agibileg, Uurtsaikh"]
[Black "Kostiukov, Alexandr"]
[WhiteFideId "4901606"]
[BlackFideId "14108100"]
[WhiteElo "2205"]
[BlackElo "2202"]
[Result "1/2-1/2"]
[Round "03"]
[TimeControl "180+1"]
[Date "2022.02.08"]
[WhiteClock "0:00:05"]
[BlackClock "0:00:27"]

1. d4 g6 2. e4 Bg7 3. Nc3 d6 4. Be3 e5 5. dxe5 dxe5 6. Qxd8+ Kxd8 7. O-O-O+ Nd7 8. h4 h5 9. Nf3 f6 10. Nd2 Bh6 11. Nc4 c6 12. Nd6 Ke7 13. Bc4 Bxe3+ 14. fxe3 Nh6 15. Be2 a5 16. Na4 b5 17. Nxc8+ Raxc8 18. Rxd7+ Kxd7 19. Nb6+ Ke7 20. Nxc8+ Rxc8 21. Rd1 Rd8 22. Rxd8 Kxd8 23. Kd2 Ke7 24. a3 Kd6 25. b4 axb4 26. axb4 f5 27. Bd3 Ke6 28. Ke2 Ng4 29. exf5+ gxf5 30. Kd2 e4 31. Be2 Nf6 32. c4 bxc4 33. Bxc4+ Ke5 34. Be2 Nd5 35. Bxh5 Nxb4 36. Be8 c5 37. h5 Kf6 38. h6 Nd5 39. Bh5 c4 40. g3 c3+ 41. Kc2 Nxe3+ 42. Kxc3 Nf1 43. g4 fxg4 44. Bxg4 Ne3 45. Bh5 Nd5+ 46. Kd4 Nf4 47. Be8 Ne6+ 48. Kxe4 Ke7 49. Kf5 Nf8 50. Bh5 Nh7 51. Bg6 Nf8 52. Bh5 Nh7 53. Ke5 Nf6 54. Kf5 Nh7 1/2-1/2


[Site "https://www.chess.com"]

[Event "Early Titled Tuesday Blitz | February 8 2022"]
[White "Al Mukhaini, Shima"]
[Black "Johnson, Ben"]
[WhiteFideId "22005854"]
[BlackFideId "2010917"]
[WhiteElo "2386"]
[BlackElo "2153"]
[Result "1-0"]
[Round "03"]
[TimeControl "180+1"]
[Date "2022.02.08"]
[WhiteClock "0:02:21"]
[BlackClock "0:01:37"]

1. b3 e5 2. Bb2 Nc6 3. e3 Nf6 4. Bb5 d6 5. Nf3 g6 6. d4 exd4 7. Nxd4 Bd7 8. Bxc6 bxc6 9. Qf3 Bg7 10. Nxc6 Bxc6 11. Qxc6+ Kf8 12. O-O h5 13. Nd2 Rb8 14. Nc4 d5 15. Rad1 Qe7 16. Ba3 Rb4 17. c3 a5 18. Nxa5 1-0


[Site "https://www.chess.com"]

[Event "Early Titled Tuesday Blitz | February 8 2022"]
[White "Alekseev, Evgeny"]
[Black "Fier, Alexandr"]
[WhiteFideId "4138147"]
[BlackFideId "2107139"]
[WhiteElo "2589"]
[BlackElo "2569"]
[Result "1/2-1/2"]
[Round "03"]
[TimeControl "180+1"]
[Date "2022.02.08"]
[WhiteClock "0:00:04"]
[BlackClock "0:01:11"]

1. e4 Nf6 2. e5 Nd5 3. d4 d6 4. Nf3 g6 5. Bc4 Nb6 6. Bb3 Bg7 7. Ng5 e6 8. Qf3 Qe7 9. Ne4 dxe5 10. Bg5 Qb4+ 11. c3 Qa5 12. Bf6 O-O 13. Bxg7 Kxg7 14. Qf6+ Kg8 15. Qxe5 Qxe5 16. dxe5 a5 17. a4 Bd7 18. Nbd2 Bc6 19. f4 N8d7 20. Rf1 Nd5 21. Ke2 f6 22. exf6 N7xf6 23. Nxf6+ Rxf6 24. g3 e5 25. fxe5 Rxf1 26. Rxf1 Re8 27. Nf3 Kg7 28. Kd2 Nb6 29. Nd4 Bd5 30. Bxd5 Nxd5 31. e6 Re7 32. Kd3 c5 33. Nb3 Rxe6 34. Nxc5 Rb6 35. Kd4 Nf6 36. Rf2 Rd6+ 37. Kc4 b6 38. Nb3 Ng4 39. Re2 Nf6 40. Nd4 Nd7 41. Kb5 Kf6 42. Rf2+ Ke7 43. Re2+ Kf6 44. Rf2+ Ke7 45. Re2+ Kf6 1/2-1/2


[Site "https://www.chess.com"]

[Event "Early Titled Tuesday Blitz | February 8 2022"]
[White "Alinasab, Mobina"]
[Black "parintele_chess"]
[WhiteFideId "12528897"]
[WhiteElo "2061"]
[BlackElo "2239"]
[Result "1-0"]
[Round "03"]
[TimeControl "180+1"]
[Date "2022.02.08"]
[WhiteClock "0:00:57"]
[BlackClock "0:00:06"]

1. e4 e5 2. Nf3 Nc6 3. Bb5 a6 4. Ba4 Nf6 5. O-O Be7 6. Re1 b5 7. Bb3 O-O 8. c3 d5 9. d4 Nxe4 10. dxe5 Bc5 11. Qxd5 Bxf2+ 12. Kf1 Bxe1 13. Qxe4 Bb7 14. Qxe1 Qd3+ 15. Qe2 Qf5 16. Bc2 Qe6 17. Bxh7+ Kh8 18. Kg1 Nxe5 19. Qxe5 Bxf3 20. Qxe6 fxe6 21. gxf3 Kxh7 22. Nd2 Rad8 23. Kf2 Rd3 24. Ke2 Rfd8 25. a4 R3d5 26. axb5 axb5 27. Ra7 Rh5 28. Rxc7 Rxh2+ 29. Kd1 Ra8 30. Kc2 Rh1 31. Ne4 Rf1 32. Be3 Kg6 33. Bd4 Rxf3 34. Rxg7+ Kf5 35. Nd6+ Kf4 36. Nxb5 e5 37. Rf7+ Ke4 38. Rxf3 Kxf3 39. Bxe5 Ra5 40. c4 Ke4 41. Bc3 Ra4 42. Kb3 Ra8 43. Kb4 Rb8 44. b3 Kd3 45. Kc5 Rxb5+ 46. cxb5 Kxc3 47. b6 Kxb3 48. b7 Kc3 49. b8=Q 1-0


[Site "https://www.chess.com"]

[Event "Early Titled Tuesday Blitz | February 8 2022"]
[White "Allahverdiyeva, Ayan"]
[Black "Reprintsev, Alexander"]
[WhiteFideId "13412590"]
[BlackFideId "14100541"]
[WhiteElo "1910"]
[BlackElo "2126"]
[Result "1/2-1/2"]
[Round "03"]
[TimeControl "180+1"]
[Date "2022.02.08"]
[WhiteClock "0:00:04"]
[BlackClock "0:00:20"]

1. e4 d5 2. exd5 Qxd5 3. Nc3 Qa5 4. d4 Nf6 5. Nf3 Nc6 6. Bc4 Bg4 7. h3 Qh5 8. Be2 O-O-O 9. Be3 e5 10. d5 e4 11. Ng5 Bxe2 12. Qxe2 Qxe2+ 13. Kxe2 Nxd5 14. Nxf7 Nxc3+ 15. bxc3 Ba3 16. Nxh8 Rxh8 17. Rhd1 Bb2 18. Rab1 Bxc3 19. Rb5 h6 20. Rbd5 Re8 21. a3 Bf6 22. Rc5 Re6 23. Rdd5 b6 24. Rc4 Kb7 25. g4 Na5 26. Rb4 Nc6 27. Rb3 g5 28. c4 Na5 29. Rxa5 Kc6 30. Rd5 Be7 31. Rd1 a5 32. Rc3 a4 33. c5 b5 34. Rd4 Bf6 35. Rc2 Bxd4 36. Bxd4 Re8 37. Rc3 Kd5 38. Bg7 Re6 39. c6 Rg6 40. Bf8 Rf6 41. Bb4 Rxc6 42. Rxc6 Kxc6 43. Kd2 Kd5 44. Kc3 c5 45. Ba5 Ke5 46. Bb6 b4+ 47. axb4 cxb4+ 48. Kxb4 Kf4 49. Bd4 Kf3 50. Bg7 Kxf2 51. Bxh6 Kg3 52. Bxg5 Kxh3 53. Kxa4 Kxg4 54. Bc1 e3 55. Bxe3 1/2-1/2


[Site "https://www.chess.com"]

[Event "Early Titled Tuesday Blitz | February 8 2022"]
[White "Al-Tarboush, Ward"]
[Black "Fawzy, Adham"]
[WhiteFideId "7601450"]
[BlackFideId "10613129"]
[WhiteElo "2276"]
[BlackElo "2510"]
[Result "0-1"]
[Round "03"]
[TimeControl "180+1"]
[Date "2022.02.08"]
[WhiteClock "0:00:05"]
[BlackClock "0:00:08"]

1. e4 c5 2. Nf3 Nc6 3. d4 cxd4 4. Nxd4 e5 5. Nb5 d6 6. c4 Nf6 7. N1c3 a6 8. Na3 g6 9. Be3 Bg7 10. f3 Be6 11. Nc2 Rc8 12. Qd2 O-O 13. b3 Qa5 14. Be2 Nh5 15. g3 Nf4 16. Nd5 Ng2+ 17. Kf2 Nxe3 18. Qxa5 Nxc2 19. Qd2 Nxa1 20. Rxa1 f5 21. Bd3 Bxd5 22. exd5 Nd4 23. Kg2 Nxf3 24. Qb4 e4 25. Rf1 Be5 26. Qxb7 a5 27. Qd7 Rcd8 28. Qe6+ Kg7 29. Qe7+ Kg8 30. Qe6+ Kg7 31. Qe7+ Kg8 32. Be2 Nd4 33. Bd1 Ra8 34. h4 h6 35. h5 g5 36. Qd7 a4 37. bxa4 Rf7 38. Qb5 Nxb5 0-1


[Site "https://www.chess.com"]

[Event "Early Titled Tuesday Blitz | February 8 2022"]
[White "Arabidze, Meri"]
[Black "Jakubowska, Anna"]
[WhiteFideId "13604040"]
[BlackFideId "1121952"]
[WhiteElo "2329"]
[BlackElo "1924"]
[Result "1-0"]
[Round "03"]
[TimeControl "180+1"]
[Date "2022.02.08"]
[WhiteClock "0:01:47"]
[BlackClock "0:01:19"]

1. Nf3 d5 2. e3 Nf6 3. b3 g6 4. Bb2 Bg7 5. c4 c6 6. Be2 O-O 7. O-O Bg4 8. h3 Bxf3 9. Bxf3 Nbd7 10. d4 Re8 11. Nc3 dxc4 12. bxc4 e5 13. Qb3 Qb6 14. Rfd1 e4 15. Be2 c5 16. Na4 Qxb3 17. axb3 cxd4 18. exd4 e3 19. Bf3 exf2+ 20. Kxf2 Ne4+ 21. Kg1 Rab8 22. Re1 f5 23. Rad1 b5 24. cxb5 Rxb5 25. Be2 Rbb8 26. Bc4+ Kh8 27. Ba3 Rbd8 28. Nc5 Bxd4+ 29. Rxd4 Ndxc5 30. Rxd8 Rxd8 31. Bb2+ 1-0


[Site "https://www.chess.com"]

[Event "Early Titled Tuesday Blitz | February 8 2022"]
[White "Aradhya, Garg"]
[Black "Martinez Lopez, David"]
[WhiteFideId "25006746"]
[BlackFideId "22235779"]
[WhiteElo "2169"]
[BlackElo "2390"]
[Result "1-0"]
[Round "03"]
[TimeControl "180+1"]
[Date "2022.02.08"]
[WhiteClock "0:00:51"]
[BlackClock "0:00:26"]

1. d4 Nf6 2. c4 e6 3. Nf3 Bb4+ 4. Nbd2 b6 5. a3 Bxd2+ 6. Qxd2 Bb7 7. e3 O-O 8. Bd3 c5 9. dxc5 bxc5 10. O-O d6 11. b4 cxb4 12. axb4 Nbd7 13. Bb2 d5 14. c5 a6 15. Rfc1 Nb8 16. Ne5 Qe8 17. Qc2 Nc6 18. Nxc6 Qxc6 19. Bxf6 gxf6 20. Bxh7+ Kg7 21. Bd3 f5 22. f4 Rh8 23. Qb2+ f6 24. b5 axb5 25. Bxb5 Qc7 26. c6 Rxa1 27. Qxa1 Bc8 28. Qd4 Qa5 29. Bf1 Re8 30. Ra1 Qe1 31. Rxe1 1-0


[Site "https://www.chess.com"]

[Event "Early Titled Tuesday Blitz | February 8 2022"]
[White "Araujo Filho, Luiz Antonio Coel"]
[Black "Ozkan, Taha"]
[WhiteFideId "2130661"]
[BlackFideId "34577173"]
[WhiteElo "2223"]
[BlackElo "2024"]
[Result "0-1"]
[Round "03"]
[TimeControl "180+1"]
[Date "2022.02.08"]
[WhiteClock "0:00:18"]
[BlackClock "0:01:36"]

1. d4 d5 2. Nf3 c6 3. e3 Bg4 4. Nbd2 e6 5. b3 Nf6 6. Bb2 Bd6 7. Be2 O-O 8. O-O Nbd7 9. c4 Qe7 10. Ne5 Bxe2 11. Qxe2 Ne4 12. Nxe4 dxe4 13. Nxd7 Qxd7 14. Rfd1 Rad8 15. Rac1 Qc7 16. g3 f5 17. Qc2 Qe7 18. d5 exd5 19. cxd5 c5 20. a3 b6 21. Qe2 Rd7 22. f4 exf3 23. Qxf3 Rdd8 24. Rd3 Rde8 25. Kf2 Qe4 26. Rcd1 Re7 27. R1d2 Rfe8 28. Rd1 Rd7 29. R1d2 Qxf3+ 30. Kxf3 Kf7 31. Rd1 Be5 32. Bxe5 Rxe5 33. Kf4 Kf6 34. h4 Re4+ 35. Kf3 g6 36. Rc1 Rd6 37. Rb1 Ke5 38. Rbd1 c4 39. bxc4 Rxc4 40. R1d2 Rc5 0-1


[Site "https://www.chess.com"]

[Event "Early Titled Tuesday Blitz | February 8 2022"]
[White "Araujo Sanchez, Josue"]
[Black "Kujawski, Adam"]
[WhiteFideId "6416896"]
[BlackFideId "1100920"]
[WhiteElo "2357"]
[BlackElo "2053"]
[Result "1-0"]
[Round "03"]
[TimeControl "180+1"]
[Date "2022.02.08"]
[WhiteClock "0:00:10"]
[BlackClock "0:00:09"]

1. e4 e5 2. Nf3 Nc6 3. Bb5 a6 4. Bxc6 dxc6 5. Qe2 Bc5 6. Nxe5 Nf6 7. d3 O-O 8. O-O Re8 9. Nf3 Bg4 10. Bg5 h6 11. Bh4 g5 12. Bg3 Nh5 13. Nbd2 Nf4 14. Bxf4 gxf4 15. h3 Bh5 16. Kh2 Kh7 17. c3 f5 18. e5 Bb6 19. d4 c5 20. dxc5 Bxc5 21. Qc4 Bb6 22. Qxf4 Qd7 23. Nc4 Rf8 24. Rad1 Qe7 25. Nxb6 cxb6 26. Rd6 Bg6 27. Rfd1 Rad8 28. e6 Qf6 29. Rd7+ Rxd7 30. Rxd7+ Kg8 31. Qxh6 Re8 32. Nd4 f4 33. f3 b5 34. h4 Rxe6 35. Nxe6 Qxe6 36. Qg7# 1-0


[Site "https://www.chess.com"]

[Event "Early Titled Tuesday Blitz | February 8 2022"]
[White "Ardila, Oscar Humberto"]
[Black "Ljukin, Sergei"]
[WhiteFideId "4404742"]
[BlackFideId "14102200"]
[WhiteElo "1898"]
[BlackElo "2312"]
[Result "0-1"]
[Round "03"]
[TimeControl "180+1"]
[Date "2022.02.08"]
[WhiteClock "0:00:04"]
[BlackClock "0:00:11"]

1. d4 d5 2. c4 c6 3. cxd5 cxd5 4. Nc3 Nf6 5. Nf3 Nc6 6. Bf4 Bf5 7. e3 e6 8. Be2 Bd6 9. Bxd6 Qxd6 10. O-O O-O 11. Rc1 a6 12. a3 Na5 13. Na4 Rfc8 14. Nc5 Rab8 15. b4 Nc4 16. Bxc4 dxc4 17. Re1 b6 18. Nxa6 Ra8 19. b5 Qxa3 20. Ne5 Qb3 21. g4 Qxb5 22. gxf5 Rxa6 23. fxe6 fxe6 24. Rb1 Qa5 25. Qf3 Qd5 26. Qe2 b5 27. Qb2 Rb6 28. Qc3 Ne4 29. Qa5 Rcb8 30. Qa7 Ng5 31. Qe7 Nf3+ 32. Nxf3 Qxf3 33. e4 Rf8 34. Rb2 e5 35. Re3 Rg6+ 36. Kf1 Qg2+ 37. Ke1 Qg1+ 38. Kd2 Qxf2+ 39. Kc3 Qxe3+ 40. Kb4 Qxd4 0-1


[Site "https://www.chess.com"]

[Event "Early Titled Tuesday Blitz | February 8 2022"]
[White "Ashiev, Eduard"]
[Black "Lopez Mulet, Inigo"]
[WhiteFideId "4130090"]
[BlackFideId "22235620"]
[WhiteElo "2004"]
[BlackElo "2315"]
[Result "0-1"]
[Round "03"]
[TimeControl "180+1"]
[Date "2022.02.08"]
[WhiteClock "0:00:02"]
[BlackClock "0:00:23"]

1. d4 g6 2. e4 Bg7 3. Nc3 c5 4. d5 e5 5. h4 h5 6. Nh3 d6 7. Ng5 Na6 8. Be2 Nc7 9. a4 Nh6 10. f3 O-O 11. Be3 f5 12. Qd2 f4 13. Bf2 Nf7 14. Ne6 Bxe6 15. dxe6 Nxe6 16. Bc4 Nd4 17. Nd5 Rb8 18. c3 Nc6 19. Rd1 a6 20. Qe2 Kh7 21. b4 cxb4 22. Nxb4 Qa5 23. Nd5 Qxa4 24. O-O b5 25. Bd3 Qa5 26. Ra1 Qd8 27. Rxa6 Ne7 28. Ra7 Nc6 29. Ra6 Rc8 30. Rfa1 Ne7 31. Bxb5 Nxd5 32. exd5 Rxc3 33. Bd3 Qf6 34. Qe4 Rfc8 35. Kh2 R3c7 36. Rc6 Rxc6 37. dxc6 d5 38. Qxd5 Rxc6 39. Ra7 Nh6 40. Bc5 Nf5 41. Bxf5 gxf5 42. Be7 Qe6 43. Qd8 Rc8 44. Qd6 Qxd6 45. Bxd6 Kg6 46. Ra6 Kf7 47. Ra7+ Kg6 48. Ra6 Kh7 49. Ra7 Re8 50. Kg1 Re6 51. Bb8 Kg6 52. Kf2 Bf6 53. Bc7 Bxh4+ 54. Ke2 Be7 55. Kd3 e4+ 56. Ke2 Rc6 57. Bxf4 Bf6 58. Ra2 Rc4 59. fxe4 Rxe4+ 60. Kf3 h4 61. Ra6 Kf7 62. Ra7+ Be7 63. Ra6 Rc4 64. Ra7 Ke6 65. Ra6+ Kd5 66. Ra5+ Kd4 67. Be3+ Kd3 68. Rd5+ Kc2 69. Rd2+ Kc3 70. Re2 Re4 71. Bf2 Kd3 72. Rxe4 fxe4+ 73. Kg4 e3 74. Be1 Ke2 75. Ba5 Kf1 76. Kh3 e2 77. g3 hxg3 78. Kxg3 Bg5 79. Kf3 Bh4 80. Bc3 Be1 0-1


[Site "https://www.chess.com"]

[Event "Early Titled Tuesday Blitz | February 8 2022"]
[White "Atakhan, Abtin"]
[Black "Dylag, Emilia"]
[WhiteFideId "22502203"]
[BlackFideId "21805172"]
[WhiteElo "2119"]
[BlackElo "1932"]
[Result "1-0"]
[Round "03"]
[TimeControl "180+1"]
[Date "2022.02.08"]
[WhiteClock "0:00:13"]
[BlackClock "0:00:02"]

1. e4 c5 2. Nc3 a6 3. Nge2 b5 4. g3 e6 5. Bg2 b4 6. Nb1 Bb7 7. O-O Nf6 8. d3 d5 9. e5 Nfd7 10. f4 Nc6 11. Nd2 Be7 12. Nf3 Qb6 13. Be3 Kd8 14. c3 Kc7 15. cxb4 Qxb4 16. a3 Qb5 17. b4 cxb4 18. Ned4 Nxd4 19. Nxd4 Qa5 20. axb4 Qxb4 21. Rb1 Qa3 22. Rb3 Qa5 23. Bd2 Qa2 24. Rf2 Bc5 25. Bc3 Bxd4 26. Bxd4 Qa5 27. Rc2+ Kb8 28. Qb1 Ra7 29. Bxa7+ Kxa7 30. Rxb7+ Ka8 31. Rxd7 Rb8 32. Rc8 Rxc8 33. Qb7# 1-0


[Site "https://www.chess.com"]

[Event "Early Titled Tuesday Blitz | February 8 2022"]
[White "Atanasov, Anthony"]
[Black "Triapishko, Alexandr"]
[WhiteFideId "2623897"]
[BlackFideId "14122286"]
[WhiteElo "2540"]
[BlackElo "2830"]
[Result "0-1"]
[Round "03"]
[TimeControl "180+1"]
[Date "2022.02.08"]
[WhiteClock "0:00:20"]
[BlackClock "0:00:27"]

1. d4 d5 2. Bf4 c5 3. e3 Nc6 4. Nf3 cxd4 5. exd4 Bg4 6. Nbd2 e6 7. c3 Bd6 8. Bxd6 Qxd6 9. Bd3 Nge7 10. h3 Bh5 11. O-O O-O 12. Re1 f6 13. Qe2 e5 14. dxe5 fxe5 15. Rad1 Qf6 16. g4 Bg6 17. Nxe5 Nxe5 18. Qxe5 Qxf2+ 19. Kh1 Bxd3 20. Qxe7 Bc2 21. Re2 Qg3 22. Rg1 Qxh3+ 23. Rh2 Be4+ 24. Nxe4 Qf3+ 25. Rhg2 dxe4 26. Qe6+ Kh8 27. Kh2 Rf6 0-1


[Site "https://www.chess.com"]

[Event "Early Titled Tuesday Blitz | February 8 2022"]
[White "Avazkhonov, Alikhon"]
[Black "Ovetchkin, Roman"]
[WhiteFideId "14208504"]
[BlackFideId "4119991"]
[WhiteElo "1739"]
[BlackElo "2409"]
[Result "0-1"]
[Round "03"]
[TimeControl "180+1"]
[Date "2022.02.08"]
[WhiteClock "0:00:01"]
[BlackClock "0:00:08"]

1. c4 Nf6 2. Nc3 g6 3. g3 Bg7 4. Bg2 O-O 5. e4 d6 6. Nge2 c5 7. O-O Nc6 8. d3 a6 9. f4 Bd7 10. h3 Ne8 11. Be3 b5 12. Qd2 bxc4 13. dxc4 Nc7 14. Rad1 Ne6 15. e5 Ned4 16. Bxd4 Nxd4 17. Nxd4 cxd4 18. Qxd4 Rb8 19. b3 Be6 20. Qe3 Qa5 21. Qd2 dxe5 22. Nd5 Qd8 23. Qe3 exf4 24. Qxf4 Bxd5 25. Bxd5 e6 26. Bxe6 Qb6+ 27. Kh2 fxe6 28. Qg4 Rf2+ 29. Kh1 Rbf8 30. Rxf2 Qxf2 31. Qxe6+ Kh8 32. Qd5 a5 33. Qg2 Qe3 34. Rf1 Rxf1+ 35. Qxf1 h5 36. g4 h4 37. Qf7 Kh7 38. g5 Qxg5 39. Qd5 Qg3 0-1


[Site "https://www.chess.com"]

[Event "Early Titled Tuesday Blitz | February 8 2022"]
[White "Baches Garcia, Guillermo"]
[Black "Quintiliano Pinto, Renato R."]
[WhiteFideId "2209764"]
[BlackFideId "2117568"]
[WhiteElo "2449"]
[BlackElo "2439"]
[Result "0-1"]
[Round "03"]
[TimeControl "180+1"]
[Date "2022.02.08"]
[WhiteClock "0:00:07"]
[BlackClock "0:01:27"]

1. e4 Nf6 2. Nc3 d5 3. e5 Nfd7 4. d4 Nc6 5. Nf3 Nb6 6. h3 Bf5 7. Bd3 Bxd3 8. Qxd3 e6 9. O-O Be7 10. Ne2 Nb4 11. Qd2 c5 12. c3 Nc6 13. Qf4 O-O 14. Qg4 Kh8 15. Nf4 Qd7 16. Nh5 Rg8 17. Ng5 Bxg5 18. Bxg5 h6 19. Bh4 cxd4 20. cxd4 Ne7 21. Ng3 Ng6 22. f4 Nc4 23. Rf3 Nd2 24. Rf2 Ne4 25. Nxe4 dxe4 26. Rd1 Kh7 27. f5 exf5 28. Rxf5 Nxh4 0-1


[Site "https://www.chess.com"]

[Event "Early Titled Tuesday Blitz | February 8 2022"]
[White "Bacrot, Etienne"]
[Black "Salimova, Nurgyul"]
[WhiteFideId "605506"]
[BlackFideId "2915138"]
[WhiteElo "2673"]
[BlackElo "2185"]
[Result "1-0"]
[Round "03"]
[TimeControl "180+1"]
[Date "2022.02.08"]
[WhiteClock "0:00:58"]
[BlackClock "0:00:04"]

1. e4 c5 2. Nf3 Nc6 3. c3 Nf6 4. e5 Nd5 5. d4 cxd4 6. cxd4 e6 7. Nc3 d6 8. exd6 Bxd6 9. Bd3 Be7 10. h4 Bf6 11. Ne4 Bxd4 12. O-O Bb6 13. Re1 Bd7 14. Nd6+ Kf8 15. Ng5 Be8 16. Rxe6 Bxf2+ 17. Kxf2 Qb6+ 18. Be3 Qxb2+ 19. Be2 Nc3 20. Qd2 Qxd2 21. Bxd2 fxe6 22. Bxc3 Ke7 23. Nxb7 h6 24. Bxg7 Rg8 25. Nxe6 Bf7 26. Nbc5 Bxe6 27. Nxe6 Na5 28. Bg4 Rac8 29. Re1 Rc2+ 30. Kg3 Kf7 31. Bh5+ Ke7 32. Nd4+ Kd6 33. Nxc2 Rxg7+ 34. Kh3 Rc7 35. Ne3 Rc3 36. g3 1-0


[Site "https://www.chess.com"]

[Event "Early Titled Tuesday Blitz | February 8 2022"]
[White "Bambino Filho, Antonio Carlos"]
[Black "Kushagra, Mohan"]
[WhiteFideId "2113163"]
[BlackFideId "25033638"]
[WhiteElo "2452"]
[BlackElo "1886"]
[Result "1-0"]
[Round "03"]
[TimeControl "180+1"]
[Date "2022.02.08"]
[WhiteClock "0:00:13"]
[BlackClock "0:00:11"]

1. d4 Nf6 2. c4 g6 3. Nc3 d5 4. cxd5 Nxd5 5. e4 Nxc3 6. bxc3 Bg7 7. Be3 c5 8. Rc1 O-O 9. Qd2 Qa5 10. Nf3 cxd4 11. cxd4 Qxd2+ 12. Kxd2 Rd8 13. Rc7 Nc6 14. Kc3 Bg4 15. e5 Bxf3 16. gxf3 Nxe5 17. Bh3 Nxf3 18. Rd1 e5 19. d5 e4+ 20. Kb3 f5 21. Rxb7 Rab8 22. Rxb8 Rxb8+ 23. Ka4 Ne5 24. Bf1 Rd8 25. Kb5 Rd7 26. a4 Kf7 27. Ka6 Nf3 28. Bxa7 Nxh2 29. Bb5 Rd6+ 30. Kb7 Nf3 31. Bb8 Rd8 32. Bc7 Rf8 33. d6 h5 34. d7 Bf6 35. a5 h4 36. a6 h3 37. a7 g5 38. a8=Q Rxa8 39. Kxa8 f4 40. Bc6 1-0


[Site "https://www.chess.com"]

[Event "Early Titled Tuesday Blitz | February 8 2022"]
[White "Barp, Alberto"]
[Black "Dobrov, Vladimir"]
[WhiteFideId "872555"]
[BlackFideId "4136594"]
[WhiteElo "2620"]
[BlackElo "2853"]
[Result "0-1"]
[Round "03"]
[TimeControl "180+1"]
[Date "2022.02.08"]
[WhiteClock "0:00:06"]
[BlackClock "0:00:17"]

1. d4 Nf6 2. c4 e6 3. g3 d5 4. Bg2 Bb4+ 5. Bd2 Be7 6. Nf3 O-O 7. O-O Nbd7 8. Qc2 c6 9. Rd1 b6 10. b3 Ba6 11. Bc1 Rc8 12. Bb2 Qc7 13. Nbd2 c5 14. Rac1 Qb8 15. Qb1 Rfe8 16. e3 h6 17. Ne5 Red8 18. Nxd7 Rxd7 19. Qa1 cxd4 20. Bxd4 dxc4 21. Nxc4 Bxc4 22. Rxc4 Rxc4 23. bxc4 Qc8 24. Rc1 Ne8 25. Qb2 Bc5 26. Bxc5 Qxc5 27. Qb5 Qe7 28. c5 bxc5 29. Qxc5 Rd1+ 30. Bf1 Qxc5 31. Rxc5 Nd6 32. Ra5 Nc4 33. Rxa7 Nd2 34. Kg2 Nxf1 35. a4 Ra1 36. Rd7 Kf8 37. a5 Nxe3+ 38. fxe3 Rxa5 39. Kf3 Ke8 40. Rd2 Rd5 41. Re2 Ke7 42. h4 Kf6 43. e4 Rd3+ 44. Kf4 g5+ 45. hxg5+ hxg5+ 46. Kg4 Rd4 47. Kf3 Ke5 48. Re3 g4+ 49. Kxg4 Rxe4+ 50. Kf3 Rxe3+ 51. Kxe3 Kf5 52. Kf3 Kg5 53. g4 f6 54. Kg3 e5 55. Kf3 Kh4 0-1


[Site "https://www.chess.com"]